 Dungeon Sprint DCSS version 0.29-a0-1052-g6990b1bffc (webtiles) character file.

Game seed: 16924142988666197446

12 dduke234 the Trooper (level 2, -5/29 HPs)
             Began as a Minotaur Monk on Aug 17, 2022.
             Was a Priest of Trog.
             Slain by an ice beast (19 damage)
             ... in the Dungeon (Sprint VI: "Thunderdome").
             The game lasted 00:02:53 (191 turns).

dduke234 the Trooper (Minotaur Monk)                 Turns: 191, Time: 00:02:57

Health: -5/29      AC:  2    Str: 13    XL:     2   Next: 68%
Magic:  1/1        EV: 14    Int: 11    God:    Trog [***...]
Gold:   20         SH:  0    Dex: 17    Spells: 1/1 levels left

rFire   + + .      SeeInvis +   a - +0 falchion
rCold   x . .      Faith    .   (no shield)
rNeg    . . .      Spirit   .   b - +0 robe
rPois   +          Reflect  .   (helmet restricted)
rElec   .          Harm     .   (no cloak)
rCorr   .          Rampage  +   (no gloves)
Will    ++...      NoTele   +   (no boots)
Stlth   ++........              p - amulet "Quckul" {Acrobat Rampage Will++ Int+4}
HPRegen 0.09/turn               n - ring of the Kangaroo {rPois rF+ Str-2 Dex+5}
MPRegen 0.07/turn               q - ring of Trepidation {Fire SInv}

@: no status effects
A: horns 2, retaliatory headbutt
a: Renounce Religion, Berserk, Trog's Hand


You were in the Dungeon.
You worshipped Trog.
Trog was most pleased with you.
You visited 1 branch You collected 200 gold pieces.
You spent 180 gold pieces at shops.

Inventory:

Hand Weapons
 a - a +0 falchion (weapon)
Armour
 b - a +0 robe (worn)
Jewellery
 n - the ring of the Kangaroo (left hand) {rPois rF+ Str-2 Dex+5}
   (You bought it in a shop in the Dungeon)

   [ring of poison resistance]

   Str:       It affects your strength (-2).
   Dex:       It affects your dexterity (+5).
   rF:        It protects you from fire.
   rPois:     It protects you from poison.
 o - the amulet "Rowat" {Acrobat Int+5}
   (You bought it in a shop in the Dungeon)

   [amulet of the acrobat]

   It increases your evasion while moving and waiting.
   Int:       It affects your intelligence (+5).
 p - the amulet "Quckul" (around neck) {Acrobat Rampage Will++ Int+4}
   (You bought it in a shop in the Dungeon)

   [amulet of the acrobat]

   It increases your evasion while moving and waiting.
   Int:       It affects your intelligence (+4).
   Rampage:   It bestows one free step when moving towards enemies.
   Will:      It greatly increases your willpower.
 q - the ring of Trepidation (right hand) {Fire SInv}
   (You bought it in a shop in the Dungeon)

   [ring of fire]

   It enhances your fire magic.
   rF:        It protects you from fire.
   rC:        It makes you vulnerable to cold.
   SInv:      It lets you see invisible.
Wands
 k - a wand of light (5)
 l - a wand of iceblast (5)
Scrolls
 i - 4 scrolls of blinking
 m - 2 scrolls of butterflies
Potions
 c - a potion of ambrosia
 d - a potion of curing
 e - 2 potions of heal wounds
 f - 4 potions of haste
 g - 2 potions of magic
 h - a potion of berserk rage
 j - a potion of resistance


   Skills:
 * Level 5.2 Fighting
 * Level 5.0 Long Blades
 * Level 1.9 Armour
 * Level 4.6 Dodging
 - Level 1.5 Stealth


You had one spell level left.
You didn't know any spells.
Your spell library was empty.

Dungeon Overview and Level Annotations

Branches:
Dungeon (1/1)

Altars:
Cheibriados
Fedhas
Kikubaaqudgha
Okawaru
Qazlal
Ru
Trog
Uskayaw
Wu Jian
Xom
Zin
The Shining One

Shops:
D *[???:(


Innate Abilities, Weirdness & Mutations

You have a pair of horns on your head.
You reflexively headbutt those who attack you in melee.


Message History

The centaur wields a +0 shortbow.
The centaur shoots an arrow.
The arrow barely misses you.
You feel much better.
A gnoll comes into view. It is wielding a +0 whip.
You rampage towards the phantom!
You strike the helpless phantom from behind!
You slash the phantom!
The phantom is moderately damaged.
The phantom hits you.
An ice beast comes into view.
You hit the phantom.
The phantom is heavily damaged.
The centaur shoots an arrow.
The arrow hits you. The phantom hits you.
You slash the phantom!
The phantom is severely damaged.
The centaur shoots an arrow.
The arrow hits you!
The centaur shoots an arrow.
The arrow barely misses you.
The arrow closely misses the phantom.
The phantom hits you.
The orc shouts!
You hit the phantom but do no damage.
The phantom is severely damaged.
The centaur shoots an arrow.
The arrow misses you.
The arrow barely misses the phantom.
The phantom hits you!
* * * LOW HITPOINT WARNING * * *
The ice beast barely misses you.
You hit the phantom.
The phantom is almost destroyed.
The phantom barely misses you. The ice beast misses you.
You feel much better. The orc closely misses you.
The phantom closely misses you. The ice beast misses you.
As you read the scroll of butterflies, it crumbles to dust.
You hear the tinkle of a tiny bell.
The orc hits you with a +0 mace. The phantom closely misses you.
The ice beast barely misses you.
You slash the phantom!
You destroy the phantom!
Trog accepts your kill. The orc hits you with a +0 mace.
The ice beast hits you. The ice beast freezes you!!
You feel a terrible chill!
Ouch! That really hurt!
You die...

#_......._# ###.........###
#⌠†..o.......⌠#
######.8.........8.###
##..__.....$###......_._
###∩...g....8.# #.8........
##.......†c.†gc###..........
#⌠..........###obb###.......
#⌠..........# #b@.# .......
#⌠.....c....###b.Y# .......
##...........b.###.........
###∩..c.....8.# .8......
##∩___....b.# ......
######.8.... ...8.# #⌠......
....⌠# ###...... .### _...


You could see an ice beast (ally target), a centaur, a gnoll and an orc (ally
target).

Vanquished Creatures
  A phantom (D)
  2 adders (D)
  2 bats (D)
  A giant cockroach (D)
6 creatures vanquished.

Notes
Turn   | Place    | Note
-------+----------+-------------------------------------------
     0 | D        | dduke234 the Minotaur Monk began the quest for the Orb.
     0 | D        | Reached XP level 1. HP: 19/19 MP: 0/0
     1 | D        | Found a shimmering altar of Xom.
     1 | D        | Found a glowing golden altar of the Shining One.
     2 | D        | Found an ancient bone altar of Kikubaaqudgha.
     3 | D        | Found a stormy altar of Qazlal.
     4 | D        | Found a blossoming altar of Fedhas.
     4 | D        | Found a glowing silver altar of Zin.
     4 | D        | Found Opierph's Staff Store.
     4 | D        | Found Agotali's Magic Scroll Shop.
     5 | D        | Found an iron altar of Okawaru.
     5 | D        | Found Exkag's Must-Have Magic.
     5 | D        | Found Azilub's Magic Scroll Shop.
     5 | D        | Round 1.
    30 | D        | Found a sacrificial altar of Ru.
    35 | D        | Reached skill level 1 in Armour
    35 | D        | Reached XP level 2. HP: 18/28 MP: 1/1
    37 | D        | Found Xoushele's Jewellery.
    37 | D        | Found Kaomn's Advanced Armour.
    42 | D        | Found a snail-covered altar of Cheibriados.
    42 | D        | Found a hide-covered altar of Uskayaw.
    42 | D        | Found a bloodstained altar of Trog.
    42 | D        | Found Derinuso's Identification Station.
    46 | D        | Found an ornate altar of the Wu Jian Council.
    55 | D        | Became a worshipper of Trog the Wrathful
    55 | D        | Reached * piety under Trog
    55 | D        | Reached ** piety under Trog
    67 | D        | Bought a bound turquoise ring for 45 gold pieces
    67 | D        | Identified the ring of the Kangaroo {rPois rF+ Str-2 Dex+5}
                  | (You bought it in a shop in the Dungeon)
    67 | D        | Bought an ancient emerald amulet for 45 gold pieces
    67 | D        | Identified the amulet "Rowat" {Acrobat Int+5} (You bought
                  | it in a shop in the Dungeon)
    67 | D        | Bought a brightly glowing tin amulet for 45 gold pieces
    67 | D        | Identified the amulet "Quckul" {Acrobat Rampage Will++
                  | Int+4} (You bought it in a shop in the Dungeon)
    67 | D        | Bought a bound lead ring for 45 gold pieces
    67 | D        | Identified the ring of Trepidation {Fire SInv} (You bought
                  | it in a shop in the Dungeon)
   133 | D        | Arena points: 12 (+12) [x2]
   134 | D        | Reached skill level 5 in Fighting
   134 | D        | Reached skill level 5 in Long Blades
   173 | D        | Round 2.
   176 | D        | Noticed a phantom
   178 | D        | Noticed a centaur
   184 | D        | Noticed an ice beast
   191 | D        | Killed a phantom
   191 | D        | Reached *** piety under Trog
   191 | D        | Slain by an ice beast

Illustrated notes

Levels and vault maps discovered:
D:        arena_sprint

Skill      XL: |  1  2 |
---------------+-------+-----
Fighting       | 4 5 |  5.2
Long Blades    | 4 5 |  5.0
Armour         | 1 |  1.9
Dodging        | 4 |  4.6
Stealth        | |  1.5

Action                   || total
-------------------------++-------
Melee: Falchion          ||    20
       Headbutt          ||     2
  Use: Potion            ||     2
       Scroll            ||     1
 Stab: Distracted        ||     1
Armor: Robe              ||     3
Dodge: Dodged            ||    25

Table legend: (Time is in decaauts)
 A = Elapsed time spent in this place.
 B = Non-inter-level travel time spent in this place.
 C = Inter-level travel time spent in this place.
 D = Time resting spent in this place.
 E = Time spent auto-exploring this place.
 F = Levels seen in this place.
 G = Mean time per level.
                   A        B        C        D        E       F      G
               +--------+--------+--------+--------+--------+-----+--------+
         Total |    191 |    191 |      0 |      0 |     71 |   1 |  191.0 |
       Dungeon |    191 |    191 |      0 |      0 |     71 |   1 |  191.0 |
               +--------+--------+--------+--------+--------+-----+--------+

Top non-repeatable levels by time:
       D: 191 daAuts
